 Dungeon Crawl Stone Soup version 0.28-a0-447-g1f95980246 (webtiles) character file.

Game seed: 5933528658678175663

152 Cancer the Conjurer (level 5, -16/28 HPs)
             Began as a Gargoyle Conjurer on Sept 13, 2021.
             Was an Initiate of Vehumet.
             Killed from afar by a steam dragon (22 damage)
             ... with a ball of steam
             ... on level 4 of the Dungeon.
             The game lasted 00:15:06 (3980 turns).

Cancer the Conjurer (Gargoyle Conjurer)             Turns: 3980, Time: 00:15:07

Health: -16/28     AC:  6    Str: 10    XL:     5   Next: 34%
Magic:  5/10       EV: 11    Int: 20    God:    Vehumet [......]
Gold:   98         SH:  0    Dex:  8    Spells: 8/11 levels left

rFire   . . .      SeeInvis .   g - +5 dagger
rCold   . . .      Faith    .   (no shield)
rNeg    + . .      Spirit   .   a - +0 robe
rPois   ∞          Reflect  .   (no helmet)
rElec   +          Harm     .   (no cloak)
rCorr   .          Rampage  .   (no gloves)
Will    .....                   (no boots)
Stlth   ++........              (no amulet)
HPRegen 0.09/turn               (no ring)
MPRegen 0.12/turn               (no ring)

@: no status effects
A: sickness immunity, AC +4, negative energy resistance 1, electricity
resistance, torment resistance 1, petrification resistance
a: Renounce Religion


You were on level 4 of the Dungeon.
You worshipped Vehumet.
Vehumet was noncommittal.
You visited 2 branches of the dungeon, and saw 5 of its levels.

You collected 98 gold pieces.

Inventory:

Hand Weapons
 g - a +5 dagger (weapon)
Armour
 a - a +0 robe (worn)
Magical Staves
 d - a staff of conjuration
Jewellery
 o - a ring of flight
Wands
 l - a wand of polymorph (15)
Scrolls
 b - a scroll of brand weapon {unknown}
 c - 3 scrolls of teleportation {unknown}
 j - 2 scrolls of identify {unknown}
 k - a scroll of magic mapping {unknown}
 m - a scroll of enchant armour {unknown}
 n - a scroll of immolation {unknown}
Potions
 e - a potion of berserk rage {unknown}
 f - a potion of flight {unknown}
 h - 2 potions of haste {unknown}
 i - 2 potions of mutation {unknown}
 p - a potion of curing {unknown}


   Skills:
 - Level 1.5 Dodging
 - Level 2.1 Stealth
 + Level 3.7 Spellcasting
 + Level 5.9 Conjurations


You had 8 spell levels left.
You knew the following spells:

 Your Spells              Type           Power      Damage    Failure   Level
a - Magic Dart            Conj           100%       1d8       1%          1
b - Searing Ray           Conj           54%        2d6       1%          2

Your spell library contained the following spells:

 Spells                   Type           Power      Damage    Failure   Level
 Shock                    Conj/Air       60%        1d6       4%          1
 Dazzling Flash           Conj/Hex       30%        N/A       12%         3
 Ensorcelled Hibernation  Hex/Ice        6%         N/A       21%         2
 Spider Form              Tmut/Pois      1%         N/A       36%         3
 Swiftness                Air            3%         N/A       36%         3
 Tukima's Dance           Hex            3%         N/A       36%         3
 Fulminant Prism          Conj/Hex       7%         3d7       36%         4
 Iskenderun's Mystic Bla  Conj/Tloc      15%        2d5       36%         4
 Airstrike                Air            1%         N/A       78%         4


Dungeon Overview and Level Annotations

Branches:
Dungeon (4/15)             Temple (1/1) D:4

Altars:
Ashenzari
Cheibriados
Dithmenos
Elyvilon
Fedhas
Gozag
Hepliaklqana
Kikubaaqudgha
Makhleb
Nemelex Xobeh
Okawaru
Qazlal
Sif Muna
Trog
Uskayaw
Vehumet
Wu Jian
Xom
Yredelemnul
Zin
The Shining One

Annotations:
D:3 Sigmund


Innate Abilities, Weirdness & Mutations

You are immune to sickness and miasma.
Your stone body is resilient. (AC +4)
You are immune to poison.
You resist negative energy. (rN+)
You are resistant to electric shocks. (rElec)
You are resistant to unholy torment.
You are immune to petrification.


Message History

You barely miss the orc. The orc barely misses you.
You hit the orc but do no damage. The orc hits you with a +0 club.
You hit the orc.
The orc is moderately wounded.
The orc hits you but does no damage.
You puncture the orc!
You kill the orc!
Vehumet accepts your kill.
No target in view!
No target in view!
p - a yellow potion
Things that are here:
a +0 club; a +0 leather armour
Things that are here:
a +0 club; a +0 leather armour The steam dragon hisses angrily.
Casting: Searing Ray (safe; 1% risk of failure)
Confirm with . or Enter, or press ? or * to list all spells.
Aiming: Searing Ray (safe; 1% risk of failure)
Press: ? - help, Shift-Dir - straight line, f - steam dragon
Aim: a steam dragon (79% to hit)
The searing ray misses the steam dragon. (Press . to maintain the ray.) Unknown command.
The searing ray hits the steam dragon.
The steam dragon is moderately wounded.
The searing ray hits the steam dragon.
The steam dragon is moderately wounded.
The steam dragon breathes steam at you. The ball of steam hits you!!
Ouch! That really hurt!
* * * LOW HITPOINT WARNING * * *
The searing ray hits the steam dragon.
The steam dragon is heavily wounded.
You finish channelling your searing ray.
You are engulfed in a cloud of scalding steam.
The steam dragon breathes steam at you. The ball of steam hits you!!
Ouch! That really hurt!
You die...

#.# #......#
##.......###..#.#.# #.#
#.#.#### ##.....##
#...##.# #.# #.#.# ##...##
#.#.##.# #.###.#.# ##'##
#.#.##.# #.......# #.#
#.#.##.# #####.### #.#
#......# ##.########
##.########.####
#...).....####D....)†....#
##.###.......@....########
### #.##.###....##
#.##.###...## #.........##
####......# ########


You could see a steam dragon (catching breath).

Vanquished Creatures
  A wyvern skeleton (D:4)
  A gnoll (D:1)
  2 adders (D:2)
  2 worms
  An adder skeleton (D:4)
  A dart slug (D:1)
  5 orcs
  7 ball pythons
  5 bats
  3 endoplasms
  6 goblins
  3 hobgoblins
  4 jackals (D:3)
  5 kobolds
  A quokka (D:1)
  3 frilled lizards
  5 rats
55 creatures vanquished.

Notes
Turn   | Place    | Note
-------+----------+-------------------------------------------
     0 | D:1      | Cancer the Gargoyle Conjurer began the quest for the Orb.
     0 | D:1      | Reached XP level 1. HP: 10/10 MP: 3/3
   237 | D:1      | Reached XP level 2. HP: 11/15 MP: 0/5
   691 | D:1      | Learned a level 2 spell: Searing Ray
   714 | D:1      | Reached XP level 3. HP: 15/19 MP: 3/6
  1103 | D:2      | Reached skill level 5 in Conjurations
  1220 | D:2      | Found a faded altar of an unknown god.
  1937 | D:2      | Reached XP level 4. HP: 19/24 MP: 2/8
  2782 | D:3      | Noticed Sigmund
  2948 | D:4      | Noticed a steam dragon
  3104 | D:4      | Reached XP level 5. HP: 26/28 MP: 0/10
  3371 | D:4      | Found a staircase to the Ecumenical Temple.
  3380 | Temple   | Entered the Ecumenical Temple
  3546 | Temple   | Became a worshipper of Vehumet
  3980 | D:4      | Killed from afar by a steam dragon

Illustrated notes

Levels and vault maps discovered:
D:1:      ncdulo_wetmaze, layout_rooms, skrybe_limestone_x
D:2:      layout_basic, chequers_ecumenical_altar_island, grunt_decor_junction
D:3:      layout_basic, serial_rivers, chequers_serial_rivers_small_3,
          chequers_serial_rivers_room_a, chequers_serial_rivers_micro_e,
          chequers_serial_rivers_small_b, uniq_sigmund
D:4:      layout_loops_corners, minmay_temple_entry_junction_2
Temple:   regret_index_temple_sigil_plot

Skill      XL: |  1  2  3 |
---------------+----------+-----
Conjurations   | 5 |  5.9
Spellcasting   | 3 |  3.7
Dodging        | |  1.5
Stealth        | |  2.1

Action                   |  1- 3 |  4- 6 || total
-------------------------+-------+-------++-------
Melee: Spear             |    33 |       ||    33
       Unarmed           |     4 |       ||     4
       Dagger            |    19 |    80 ||    99
 Cast: Magic Dart        |    20 |       ||    20
       Searing Ray       |     3 |     6 ||     9
 Stab: Sleeping          |     2 |     1 ||     3
Armor: Robe              |    23 |    33 ||    56
Dodge: Dodged            |    32 |    38 ||    70

Table legend: (Time is in decaauts)
 A = Elapsed time spent in this place.
 B = Non-inter-level travel time spent in this place.
 C = Inter-level travel time spent in this place.
 D = Time resting spent in this place.
 E = Time spent auto-exploring this place.
 F = Levels seen in this place.
 G = Mean time per level.
                   A        B        C        D        E       F      G
               +--------+--------+--------+--------+--------+-----+--------+
         Total |   4000 |   3827 |    173 |    512 |   1632 |   5 |  800.0 |
       Dungeon |   3815 |   3659 |    156 |    512 |   1632 |   4 |  953.8 |
        Temple |    184 |    167 |     17 |      0 |      0 |   1 |  184.0 |
               +--------+--------+--------+--------+--------+-----+--------+

Top non-repeatable levels by time:
     D:2: 1217 daAuts
     D:1: 987 daAuts
     D:4: 898 daAuts
     D:3: 713 daAuts
  Temple: 184 daAuts
